3A
IDAHO FALLS CHUKARS @ PROVO MANGO
07/18/2025
 
TOP OF THE 1ST
Idaho Falls Chukars batting - Pitching for Provo Mango : RHP Salvador Torres
Pitching: RHP Salvador Torres
Batting: LHB Frank Sharp 0-0: Called Strike
0-1: Foul Ball, location: 2F
0-2: Ball
1-2: Ball
2-2: Strikes out swinging
Batting: RHB Christian Gentry 0-0: Ball
1-0: Foul Ball, location: 2F
1-1: SINGLE (Line Drive, 7LS)
Batting: SHB Pablo Coloa 0-0: Grounds into double play, 4-6-3 (Groundball, 4)
Top of the 1st over - 0 run(s), 1 hit(s), 0 error(s), 0 left on base; Idaho Falls 0 - Provo 0
BOTTOM OF THE 1ST
Provo Mango batting - Pitching for Idaho Falls Chukars : RHP Russ Melton
Pitching: RHP Russ Melton
Batting: RHB Daniel Maldonado 0-0: Foul Ball, location: 2F
0-1: Ground out U3 (Groundball, 3)
Batting: RHB James Pike 0-0: SINGLE (Groundball, 25) (infield hit)
Batting: RHB Restin P. Surambe 0-0: Ball
1-0: Called Strike
1-1: Swinging Strike
1-2: Ball
2-2: Strikes out swinging
Batting: RHB Jaquiski Tartt 0-0: Ball
1-0: Foul Ball, location: 2F
1-1: Ground out 6-3 (Groundball, 6)
Bottom of the 1st over - 0 run(s), 1 hit(s), 0 error(s), 1 left on base; Idaho Falls 0 - Provo 0
TOP OF THE 2ND
Idaho Falls Chukars batting - Pitching for Provo Mango : RHP Salvador Torres
Batting: RHB Scott Ramsey 0-0: Ball
1-0: Ball
2-0: Called Strike
2-1: Swinging Strike
2-2: Strikes out swinging
Batting: RHB Michael Bradshaw 0-0: Called Strike
0-1: Swinging Strike
0-2: Strikes out swinging
Batting: SHB Félix Medina 0-0: Ball
1-0: Foul Ball, location: 2F
1-1: Ball
2-1: Ball
3-1: Fly out, F9 (Flyball, 89S)
Top of the 2nd over - 0 run(s), 0 hit(s), 0 error(s), 0 left on base; Idaho Falls 0 - Provo 0
BOTTOM OF THE 2ND
Provo Mango batting - Pitching for Idaho Falls Chukars : RHP Russ Melton
Batting: RHB António Marquis 0-0: Swinging Strike
0-1: Called Strike
0-2: Ball
1-2: Foul Ball, location: 2F
1-2: SINGLE (Line Drive, 6D)
Batting: RHB Mauro Longoria 0-0: Ball
1-0: Grounds into double play, 6-4-3 (Groundball, 6)
Batting: RHB Jesús Ramos 0-0: Called Strike
0-1: Ball
1-1: Foul Ball, location: 2F
1-2: Ball
2-2: Ball
3-2: SINGLE (Line Drive, 56D)
Batting: SHB José Ibáñez 0-0: Ball
1-0: Swinging Strike
1-1: Ball
2-1: Called Strike
2-2: Reached on error, E6 (Groundball, 6)
Jesús Ramos to second
Batting: RHB Felipe Córdova 0-0: Fly out, F7 (Flyball, 78M)
Bottom of the 2nd over - 0 run(s), 2 hit(s), 1 error(s), 2 left on base; Idaho Falls 0 - Provo 0
TOP OF THE 3RD
Idaho Falls Chukars batting - Pitching for Provo Mango : RHP Salvador Torres
Batting: RHB Dam Son 0-0: Swinging Strike
0-1: Swinging Strike
0-2: Strikes out swinging
Batting: RHB Jonah Cooney 0-0: Called Strike
0-1: Ball
1-1: Called Strike
1-2: Strikes out looking
Batting: RHB Miguel Luna 0-0: Called Strike
0-1: Ball
1-1: Foul Ball, location: 2F
1-2: Strikes out swinging
Top of the 3rd over - 0 run(s), 0 hit(s), 0 error(s), 0 left on base; Idaho Falls 0 - Provo 0
BOTTOM OF THE 3RD
Provo Mango batting - Pitching for Idaho Falls Chukars : RHP Russ Melton
Batting: RHB Daniel Maldonado 0-0: Ball
1-0: Ball
2-0: Fly out, F8 (Flyball, 89M)
Batting: RHB James Pike 0-0: Ball
1-0: Ball
2-0: Fly out, F8 (Flyball, 8LS)
Batting: RHB Restin P. Surambe 0-0: Ball
1-0: Called Strike
1-1: Foul Ball, location: 2F
1-2: Strikes out swinging
Bottom of the 3rd over - 0 run(s), 0 hit(s), 0 error(s), 0 left on base; Idaho Falls 0 - Provo 0
TOP OF THE 4TH
Idaho Falls Chukars batting - Pitching for Provo Mango : RHP Salvador Torres
Batting: LHB Frank Sharp 0-0: Fly out, F4 (Popup, 4D)
Batting: RHB Christian Gentry 0-0: Called Strike
0-1: Ball
1-1: Ball
2-1: Ball
3-1: SINGLE (Groundball, 6MD)
Batting: SHB Pablo Coloa 0-0: Ball
1-0: Fly out, F8 (Flyball, 8RM)
Batting: RHB Scott Ramsey 0-0: Called Strike
0-1: Called Strike
Christian Gentry steals 2nd base
0-2: DOUBLE (Line Drive, 78M)
Christian Gentry scores
Batting: RHB Michael Bradshaw 0-0: Ball
1-0: DOUBLE (Line Drive, 8LD)
Scott Ramsey scores
Batting: SHB Félix Medina 0-0: Ball
1-0: Called Strike
1-1: Swinging Strike
1-2: Ball
2-2: Strikes out swinging
Top of the 4th over - 2 run(s), 3 hit(s), 0 error(s), 1 left on base; Idaho Falls 2 - Provo 0
BOTTOM OF THE 4TH
Provo Mango batting - Pitching for Idaho Falls Chukars : RHP Russ Melton
Batting: RHB Jaquiski Tartt 0-0: Called Strike
0-1: Ball
1-1: Foul Ball, location: 2F
1-2: Ball
2-2: Ball
3-2: Fly out, F9 (Flyball, 89M)
Batting: RHB António Marquis 0-0: Foul Ball, location: 2F
0-1: Fly out, F8 (Flyball, 89M)
Batting: RHB Mauro Longoria 0-0: Foul Ball, location: 2F
0-1: Ball
1-1: DOUBLE (Line Drive, 9LS)
Pinch Runner at 2nd José Salazar:
Batting: RHB Jesús Ramos 0-0: SINGLE (Groundball, 4MD)
José Salazar to third
Runner from 3rd tries for Home, SAFE, no throw
Batting: SHB José Ibáñez 0-0: Ball
1-0: Ball
Jesús Ramos is caught stealing 2nd base
Bottom of the 4th over - 1 run(s), 2 hit(s), 0 error(s), 0 left on base; Idaho Falls 2 - Provo 1
TOP OF THE 5TH
Idaho Falls Chukars batting - Pitching for Provo Mango : RHP Salvador Torres
Now at C: José Salazar
Batting: RHB Dam Son 0-0: Called Strike
0-1: Swinging Strike
0-2: Strikes out swinging
Batting: RHB Jonah Cooney 0-0: Ball
1-0: Called Strike
1-1: Foul Ball, location: 2F
1-2: Foul Ball, location: 2F
1-2: Foul Ball, location: 2F
1-2: Strikes out swinging
Batting: RHB Miguel Luna 0-0: Ball
1-0: Ball
2-0: Ball
3-0: Called Strike
3-1: Ground out 6-3 (Groundball, 6M)
Top of the 5th over - 0 run(s), 0 hit(s), 0 error(s), 0 left on base; Idaho Falls 2 - Provo 1
BOTTOM OF THE 5TH
Provo Mango batting - Pitching for Idaho Falls Chukars : RHP Russ Melton
Batting: SHB José Ibáñez 0-0: Called Strike
0-1: Ball
1-1: SINGLE (Groundball, 6) (infield hit)
Batting: RHB Felipe Córdova 0-0: Ball
1-0: Bunted foul
1-1: Bunted foul
1-2: Ball
2-2: Grounds into double play, 4-6-3 (Groundball, 4)
Batting: RHB Daniel Maldonado 0-0: Ground out 5-3 (Groundball, 56)
Bottom of the 5th over - 0 run(s), 1 hit(s), 0 error(s), 0 left on base; Idaho Falls 2 - Provo 1
TOP OF THE 6TH
Idaho Falls Chukars batting - Pitching for Provo Mango : RHP Salvador Torres
Batting: LHB Frank Sharp 0-0: Called Strike
0-1: Ball
1-1: Ball
2-1: Ball
3-1: Called Strike
3-2: Foul Ball, location: 2F
3-2: Foul Ball, location: 2F
3-2: Foul Ball, location: 2F
3-2: Base on Balls
Batting: RHB Christian Gentry 0-0: Ball
1-0: Sac Bunt - play at first, batter OUT! 1-4
Frank Sharp to second
Batting: SHB Pablo Coloa 0-0: Intentional Walk
Pitching: RHP Ellerd Peters
Batting: RHB Scott Ramsey 0-0: Ball
Frank Sharp steals 3rd base
Pablo Coloa to second
1-0: Called Strike
1-1: 3-RUN HOME RUN (Flyball, 78XD), Distance : 440 ft
Batting: RHB Michael Bradshaw 0-0: Foul Ball, location: 2F
0-1: Ball
1-1: Called Strike
1-2: Strikes out swinging
Batting: SHB Félix Medina 0-0: Called Strike
0-1: SINGLE (Flyball, 7LS) - OUT at second base trying to stretch hit.
Top of the 6th over - 3 run(s), 2 hit(s), 0 error(s), 0 left on base; Idaho Falls 5 - Provo 1
BOTTOM OF THE 6TH
Provo Mango batting - Pitching for Idaho Falls Chukars : RHP Russ Melton
Batting: RHB James Pike 0-0: Swinging Strike
0-1: Ball
1-1: SINGLE (Flyball, 8LS)
Batting: RHB Restin P. Surambe 0-0: Ball
1-0: Ball
2-0: Called Strike
2-1: Called Strike
2-2: Grounds into double play, 5-4-3 (Groundball, 5)
Batting: RHB Jaquiski Tartt 0-0: Called Strike
0-1: Fly out, F4 (Line Drive, 4M)
Bottom of the 6th over - 0 run(s), 1 hit(s), 0 error(s), 0 left on base; Idaho Falls 5 - Provo 1
TOP OF THE 7TH
Idaho Falls Chukars batting - Pitching for Provo Mango : RHP Ellerd Peters
Batting: RHB Dam Son 0-0: Ball
1-0: Foul Ball, location: 2F
1-1: Foul Ball, location: 2F
1-2: Ball
2-2: Ground out 6-3 (Groundball, 6)
Batting: RHB Jonah Cooney 0-0: Ball
1-0: Fly out, F8 (Flyball, 8LM)
Batting: RHB Miguel Luna 0-0: Called Strike
0-1: Hit by Pitch
Batting: LHB Frank Sharp 0-0: Called Strike
Throwing error on steal attempt, E2
Miguel Luna to third
0-1: Swinging Strike
0-2: Strikes out looking
Top of the 7th over - 0 run(s), 0 hit(s), 1 error(s), 1 left on base; Idaho Falls 5 - Provo 1
BOTTOM OF THE 7TH
Provo Mango batting - Pitching for Idaho Falls Chukars : RHP Russ Melton
Batting: RHB António Marquis 0-0: SINGLE (Groundball, 4D)
Batting: RHB José Salazar 0-0: Ball
1-0: Grounds into double play, 5-4-3 (Groundball, 56)
Batting: RHB Jesús Ramos 0-0: Ball
1-0: Foul Ball, location: 2F
1-1: Called Strike
1-2: Ball
2-2: Fly out, F9 (Flyball, 9S)
Bottom of the 7th over - 0 run(s), 1 hit(s), 0 error(s), 0 left on base; Idaho Falls 5 - Provo 1
TOP OF THE 8TH
Idaho Falls Chukars batting - Pitching for Provo Mango : RHP Ellerd Peters
Batting: RHB Christian Gentry 0-0: Ball
1-0: Foul Ball, location: 2F
1-1: Foul Ball, location: 2F
1-2: SINGLE (Groundball, 34D)
Batting: SHB Pablo Coloa 0-0: Called Strike
0-1: Fly out, F4 (Popup, 4)
Batting: RHB Scott Ramsey 0-0: Swinging Strike
0-1: Foul Ball, location: 2F
0-2: Fly out, F9 (Flyball, 9S)
Batting: RHB Michael Bradshaw 0-0: Ball
1-0: Fielders Choice at 2nd, 4-6 (Groundball, 34)
Top of the 8th over - 0 run(s), 1 hit(s), 0 error(s), 0 left on base; Idaho Falls 5 - Provo 1
BOTTOM OF THE 8TH
Provo Mango batting - Pitching for Idaho Falls Chukars : RHP Russ Melton
Batting: SHB José Ibáñez 0-0: Called Strike
0-1: Foul Ball, location: 2F
0-2: Foul Ball, location: 2F
0-2: SINGLE (Line Drive, 4D)
Batting: RHB Felipe Córdova 0-0: Ball
1-0: Swinging Strike
1-1: Called Strike
1-2: Strikes out looking
Batting: RHB Daniel Maldonado 0-0: Swinging Strike
0-1: Fly out, F8 (Flyball, 8RS)
Pitching: LHP Roberto Guillén
Batting: RHB James Pike 0-0: Foul Ball, location: 2F
0-1: Fly out, F8 (Flyball, 8LM)
Bottom of the 8th over - 0 run(s), 1 hit(s), 0 error(s), 1 left on base; Idaho Falls 5 - Provo 1
TOP OF THE 9TH
Idaho Falls Chukars batting - Pitching for Provo Mango : RHP Ellerd Peters
Pitching: LHP Nick Riviera
Batting: SHB Félix Medina 0-0: Ball
1-0: Called Strike
1-1: Ball
2-1: Ground out 5-3 (Groundball, 56)
Batting: RHB Dam Son 0-0: Ball
1-0: Ball
2-0: Foul Ball, location: 2F
2-1: Ball
3-1: Base on Balls
Batting: RHB Jonah Cooney 0-0: Ground out 5-3 (Groundball, 2L)
Dam Son to second
Batting: RHB Miguel Luna 0-0: Ball
1-0: Fly out, F9 (Flyball, 9)
Top of the 9th over - 0 run(s), 0 hit(s), 0 error(s), 1 left on base; Idaho Falls 5 - Provo 1
BOTTOM OF THE 9TH
Provo Mango batting - Pitching for Idaho Falls Chukars : LHP Roberto Guillén
Pitching: RHP Jim Unknown
Batting: RHB Restin P. Surambe 0-0: Foul Ball, location: 2F
0-1: Ball
1-1: Ball
2-1: Swinging Strike
2-2: Strikes out swinging
Batting: RHB Jaquiski Tartt 0-0: Foul Ball, location: 2F
0-1: Ball
1-1: Fly out, F2 (Popup, 25)
Batting: RHB António Marquis 0-0: Called Strike
0-1: Ball
1-1: Ball
2-1: Ground out 6-3 (Groundball, 6D)
Bottom of the 9th over - 0 run(s), 0 hit(s), 0 error(s), 0 left on base; Idaho Falls 5 - Provo 1
Friday, December 30th, 2016 - OOTP Baseball 17.12 Build 75